 Dungeon Crawl Stone Soup version 0.19.0 (webtiles) character file.

68493 PurpleRed the Executioner (level 14, -9/136 HPs)
             Began as a Minotaur Fighter on Nov 5, 2016.
             Was the Champion of Makhleb.
             Killed from afar by a fire dragon (45 damage)
             ... with a blast of flame
             ... on level 6 of the Lair of Beasts.
             The game lasted 00:25:03 (20161 turns).

PurpleRed the Executioner (Minotaur Fighter)       Turns: 20161, Time: 00:25:04

Health: -9/136     AC: 25    Str: 30    XL:     14   Next: 86%
Magic:  0/13       EV: 10    Int:  5    God:    Makhleb [******]
Gold:   1170       SH:  0    Dex: 11    Spells: 0 memorised, 13 levels left

rFire  . . .     SeeInvis .     P - +3 battleaxe (flame)
rCold  + . .     Gourm    .     J - +0 plate armour
rNeg   . . .     Faith    .     (shield currently unavailable)
rPois  .         Spirit   +     C - +1 hat
rElec  .         Reflect  .     U - +1 cloak {rC+}
rCorr  +         Harm     .     O - +0 pair of gloves
MR     ++...                    b - +2 pair of boots
Stlth  ..........               G - amulet of guardian spirit
                                T - ring of protection from magic
                                V - ring of resist corrosion

@: mighty
A: retaliatory headbutt, horns 2
a: Minor Destruction, Lesser Servant of Makhleb, Major Destruction, Greater
Servant of Makhleb, Renounce Religion


You were on level 6 of the Lair of Beasts.
You worshipped Makhleb.
Makhleb was exalted by your worship.
You were near starving.

You visited 3 branches of the dungeon, and saw 20 of its levels.
You also visited: Ice Cave and Volcano.

You collected 1453 gold pieces.
You spent 283 gold pieces at shops.

Inventory:

Hand Weapons
 c - a +0 great mace of flaming
 B - a +0 vampiric hand axe
 M - a +0 war axe of electrocution
 P - a +3 battleaxe of flaming (weapon)
 R - a cursed +2 morningstar of freezing
Armour
 b - a +2 pair of boots (worn)
 C - a +1 hat (worn)
 J - a +0 plate armour (worn)
 O - a +0 pair of gloves (worn)
 U - a +1 cloak of cold resistance (worn)
Jewellery
 k - an uncursed ring of positive energy
 n - an uncursed ring of protection from cold
 t - an uncursed amulet of the gourmand
 G - an amulet of guardian spirit (around neck)
 T - a ring of protection from magic (right hand)
 V - a ring of resist corrosion (left hand)
Wands
 e - a wand of paralysis (17/24)
 l - a wand of disintegration (24/24)
 y - a wand of confusion (19/48)
 A - a wand of digging (10/24)
 F - a wand of lightning (9/15)
 K - a wand of iceblast (5/15)
 Q - a wand of polymorph (18/24)
 S - a wand of acid (1/15)
Scrolls
 g - 7 scrolls of remove curse
 h - 11 scrolls of identify
 i - 7 scrolls of teleportation
 r - 2 scrolls of fog
 v - 4 scrolls of fear
 D - 2 scrolls of magic mapping
 H - a scroll of blinking
Potions
 d - 3 potions of berserk rage
 p - 2 potions of cancellation
 q - 2 potions of haste
 s - 8 potions of lignification
 u - 6 potions of curing
 w - 3 potions of heal wounds
 x - 2 potions of invisibility
 z - 2 potions of might
 E - 2 potions of agility
 I - 4 potions of brilliance
 L - a potion of flight {unknown}
 N - a potion of cure mutation
Comestibles
 a - a beef jerky
 f - 13 bread rations
 j - 2 meat rations
 m - 18 royal jellies
 o - 8 fruits
 W - 3 slices of pizza


   Skills:
 + Level 15.8 Fighting
 * Level 21.0 Axes
 + Level 14.1 Armour
 + Level 3.2 Dodging
   Level 3.6 Shields


You had 13 spell levels left.
You didn't know any spells.

Dungeon Overview and Level Annotations

Branches:
Dungeon (13/15)            Temple (1/1) D:5            Lair (6/6) D:10
 Shoals (0/4) Lair:2       Spider (0/4) Lair:4        Slime (0/5) Lair:5
    Orc (0/2) D:9
 Vaults: D:13-14

Altars:
Ashenzari
Cheibriados
Dithmenos
Elyvilon
Fedhas
Gozag
Hepliaklqana
Kikubaaqudgha
Makhleb
Nemelex Xobeh
Okawaru
Qazlal
Ru
Sif Muna
Trog
Uskayaw
Vehumet
Xom
Yredelemnul
Zin

Shops:
D:6 [


Innate Abilities, Weirdness & Mutations

You reflexively headbutt those who attack you in melee.
You have a pair of horns on your head.


Message History

The fire dragon is severely wounded.
You barely miss the basilisk. The fire dragon misses you.
The fire dragon closely misses you.
The fire dragon tramples you but does no damage.
The basilisk barely misses you. You furiously retaliate!
You headbutt the basilisk!!
You kill the basilisk!
Makhleb accepts your kill.
You feel better.
You barely miss the fire dragon.
The fire dragon is severely wounded.
The fire dragon bites you but does no damage.
The fire dragon claws you but does no damage.
The fire dragon completely misses you.
Your unstable footing causes you to fumble your attack.
You slice the fire dragon!! You headbutt the fire dragon!
The fire dragon is almost dead.
The fire dragon breathes flames at you. The blast of flame hits you!
You die...

♣♣♣♣♣♣♣♣ ###.P.≈≈.#
♣♣...≈≈P♣♣ ♣♣♣♣♣[≈♣♣#
♣..P≈≈≈≈.♣♣♣♣.♣♣≈≈♣♣
#
♣♣.≈≈†≈≈≈≈.♣...♣♣≈≈♣♣
#
♣..≈≈†♣♣≈≈.♣♣..♣♣♣≈.♣
#
♣.≈≈≈..♣♣♣≈..♣.P♣.≈≈♣
#
♣≈≈≈≈..♣.≈≈..♣..♣≈≈♣♣
#
♣≈≈≈≈≈.♣♣≈≈..♣♣♣≈≈P.♣
#
♣≈≈≈≈≈@♣♣♣≈≈.P♣♣≈≈.♣♣
#
♣≈≈≈≈D†.♣♣P≈≈♣♣≈≈♣.P♣
#
♣≈≈≈≈≈[♣♣♣♣.≈≈≈≈♣♣.♣♣
# ♣.≈≈≈≈...
♣♣.♣≈≈P.P♣ #
♣♣.≈≈≈≈./$♣♣♣≈≈P...♣
# ♣.≈≈≈≈.)".♣♣≈≈.♣.♣♣
# ♣♣.≈≈..!$♣♣♣≈≈..♣♣
# ≈≈≈≈....♣ ≈≈≈..♣ #
..≈≈≈≈.♣♣♣≈≈...♣♣ #


You could see a fire dragon.

Vanquished Creatures
  Gastronok (D:8)
  Kirke (Lair:4)
  A red draconian (Volcano)
  Josephine (D:11)
  Fannar (D:10)
  6 hydras
  The ghost of Magifyre the Brawler, a journeyman TrFi of the Shining One (D:11)
  A centaur warrior (Volcano)
  Erica (D:9)
  A tengu warrior (D:13)
  Urug (D:12)
  Nergalle (Lair:1)
  An unseen horror (D:11)
  A necromancer (IceCv)
  4 hill giants
  An oklob plant (Lair:3)
  A wolf spider (Lair:6)
  A deep elf mage (D:10)
  2 manticores
  Maurice (D:10)
  A siren (Lair:2)
  3 elephants (Lair:6)
  3 cyclopes
  An ice statue (IceCv)
  A guardian serpent (Lair:6)
  Psyche (D:10)
  Joseph (D:8)
  8 black mambas
  2 gargoyles (D:12)
  19 spiny frogs
  10 komodo dragons
  7 rime drakes
  10 freezing wraiths (IceCv)
  3 trolls
  2 polar bears
  A wolf spider simulacrum (IceCv)
  6 hornets
  2 two-headed ogres
  A queen bee (D:9)
  3 slime creatures (D:12)
  10 hippogriffs
  19 blink frogs
  14 dream sheep
  A redback (Lair:6)
  10 yaks
  7 wyverns
  6 hogs (Lair:4)
  7 wraiths
  Grum (D:10)
  3 steam dragons (Lair:6)
  2 basilisks (Lair:6)
  A death yak simulacrum (IceCv)
  2 vampire mosquitoes (D:13)
  Edmund (D:4)
  A soldier ant (D:8)
  A mottled dragon (Lair:6)
  A warg (D:9)
  14 water moccasins
  6 orc warriors
  3 porcupines
  9 ice beasts
  2 black bears
  An alligator simulacrum (IceCv)
  2 phantoms
  A sky beast (D:6)
  2 necrophages
  13 wolves
  2 ogres
  13 centaurs
  13 crocodiles
  A big kobold (D:8)
  18 bullfrogs
  A gnoll sergeant (D:9)
  A wyvern zombie (D:13)
  5 scorpions
  29 killer bees
  10 wights
  An electric eel (D:10)
  3 howler monkeys
  7 crimson imps
  A centaur zombie (D:11)
  11 hounds
  3 bullfrog zombies
  3 jellies
  12 orc priests
  3 draconian simulacra (IceCv)
  A centaur skeleton (D:6)
  13 orc wizards
  11 iguanas
  Natasha (D:2)
  2 hell rats (Lair:4)
  3 spriggan simulacra (IceCv)
  17 worker ants
  6 troll simulacra (IceCv)
  A wolf simulacrum (IceCv)
  2 centaur simulacra (IceCv)
  2 hound zombies
  A hound skeleton (D:5)
  6 gnolls
  27 adders
  3 ogre simulacra (IceCv)
  2 howler monkey skeletons
  3 naga simulacra (IceCv)
  8 river rats (Lair:4)
  3 shadow imps
  12 white imps (IceCv)
  2 adder skeletons
  A worm (D:3)
  3 dart slugs
  7 leopard geckos
  53 orcs
  6 giant cockroaches
  7 goblins
  A hobgoblin (D:2)
  11 jackals
  2 quokkas (D:4)
  2 ball pythons
  6 bats
  6 frilled lizards
  A giant cockroach zombie (D:1)
  16 kobolds
  A leopard gecko skeleton (D:7)
  2 quokka skeletons
  A quokka zombie (D:1)
  9 rats
  3 fungi
  10 plants
665 creatures vanquished.

Vanquished Creatures (others)
  19 fungi
  31 plants (Lair:6)
50 creatures vanquished.

Grand Total: 715 creatures vanquished

Notes
Turn   | Place    | Note
-------+----------+-------------------------------------------
     0 | D:1      | PurpleRed the Minotaur Fighter began the quest for the Orb.
     0 | D:1      | Reached XP level 1. HP: 19/19 MP: 0/0
   127 | D:1      | Reached skill level 3 in Axes
   127 | D:1      | Reached XP level 2. HP: 21/27 MP: 1/1
   631 | D:2      | Reached XP level 3. HP: 32/34 MP: 2/2
  1074 | D:2      | Reached skill level 4 in Axes
  1127 | D:2      | Noticed Natasha
  1132 | D:2      | Killed Natasha
  1132 | D:2      | Reached XP level 4. HP: 41/41 MP: 3/3
  1436 | D:3      | Reached skill level 5 in Axes
  1520 | D:3      | Reached skill level 5 in Fighting
  1663 | D:3      | Reached XP level 5. HP: 44/48 MP: 4/4
  2230 | D:3      | You fall through a shaft for 3 floors!
  2230 | D:6      | Noticed a sky beast
  2233 | D:6      | Noticed a centaur
  2236 | D:6      | Reached skill level 6 in Axes
  2238 | D:6      | Killed a sky beast
  2238 | D:6      | Reached XP level 6. HP: 50/57 MP: 5/5
  2244 | D:6      | Reached skill level 7 in Axes
  2461 | D:6      | Reached XP level 7. HP: 50/64 MP: 6/6
  2639 | D:6      | Reached skill level 8 in Axes
  2988 | D:6      | Reached skill level 9 in Axes
  3082 | D:6      | Found Kaiquvo's Antique Armour Emporium.
  3145 | D:6      | Reached XP level 8. HP: 72/73 MP: 7/7
  3540 | D:5      | Entered Level 5 of the Dungeon
  3562 | D:5      | Found a staircase to the Ecumenical Temple.
  3631 | Temple   | Entered the Ecumenical Temple
  3723 | Temple   | Became a worshipper of Makhleb the Destroyer
  3886 | D:5      | Reached skill level 10 in Axes
  4776 | D:4      | Noticed Edmund
  4786 | D:4      | Killed Edmund
  4786 | D:4      | Reached skill level 11 in Axes
  5228 | D:7      | Reached XP level 9. HP: 82/82 MP: 8/8
  5302 | D:6      | Bought a pair of runed boots for 283 gold pieces
  5364 | D:7      | Reached * piety under Makhleb
  5797 | D:7      | Reached skill level 12 in Axes
  6428 | D:8      | Found a hazy altar of Hepliaklqana.
  6643 | D:8      | Reached skill level 10 in Fighting
  6643 | D:8      | Reached skill level 13 in Axes
  6705 | D:8      | Reached ** piety under Makhleb
  6838 | D:8      | Noticed Gastronok
  6855 | D:8      | Killed Gastronok
  6855 | D:8      | Reached skill level 14 in Axes
  6855 | D:8      | Reached skill level 5 in Armour
  6855 | D:8      | Reached XP level 10. HP: 48/94 MP: 3/9
  7060 | D:8      | Noticed Joseph
  7067 | D:8      | Killed Joseph
  7480 | D:9      | Found a shattered altar of Ashenzari.
  7727 | D:9      | Reached skill level 15 in Axes
  7732 | D:9      | Found a staircase to the Orcish Mines.
  7760 | D:9      | Noticed Erica
  7770 | D:9      | Killed Erica
  7770 | D:9      | Reached XP level 11. HP: 92/102 MP: 5/10
  7800 | D:9      | Reached *** piety under Makhleb
  9016 | D:10     | Entered Level 10 of the Dungeon
  9048 | D:10     | Reached **** piety under Makhleb
  9050 | D:10     | Found a staircase to the Lair.
  9074 | D:10     | Noticed Grum
  9167 | D:10     | Noticed a deep elf mage
  9170 | D:10     | Killed a deep elf mage
  9202 | D:10     | Noticed Fannar
  9232 | D:10     | Killed Fannar
  9232 | D:10     | Reached skill level 16 in Axes
  9388 | D:10     | Noticed Psyche
  9399 | D:10     | Killed Psyche
  9414 | D:10     | Killed Grum
  9516 | D:10     | Noticed Maurice
  9568 | D:10     | Killed Maurice
  9743 | D:10     | Noticed a hill giant
  9752 | D:10     | Killed a hill giant
 10001 | D:11     | Noticed a hill giant
 10008 | D:11     | Killed a hill giant
 10325 | D:11     | Noticed Josephine
 10341 | D:11     | Killed Josephine
 10341 | D:11     | Reached XP level 12. HP: 81/113 MP: 4/11
 10484 | D:11     | Reached ***** piety under Makhleb
 10522 | D:11     | Noticed Magifyre's ghost (journeyman TrFi)
 10812 | D:11     | Killed Magifyre's ghost
 10812 | D:11     | Reached skill level 17 in Axes
 10967 | D:11     | Reached skill level 10 in Armour
 11660 | D:12     | Noticed Urug
 11672 | D:12     | Killed Urug
 12459 | D:13     | Noticed a tengu warrior
 12465 | D:13     | Reached skill level 18 in Axes
 12473 | D:13     | Killed a tengu warrior
 12588 | Lair:1   | Entered Level 1 of the Lair of Beasts
 12667 | Lair:1   | Found a dark tunnel.
 12673 | Volcano  | Entered a volcano
 12686 | Volcano  | Noticed a centaur warrior
 12698 | Volcano  | Killed a centaur warrior
 12770 | Volcano  | Noticed a red draconian
 12793 | Volcano  | Killed a red draconian
 12793 | Volcano  | Reached XP level 13. HP: 66/123 MP: 1/12
 13264 | Lair:1   | Noticed Nergalle
 13284 | Lair:1   | Killed Nergalle
 14072 | Lair:2   | Found a staircase to the Shoals.
 14640 | Lair:3   | Reached skill level 19 in Axes
 14726 | Lair:3   | Found a frozen archway.
 14734 | IceCv    | Entered an ice cave
 15218 | IceCv    | Found an ancient bone altar of Kikubaaqudgha.
 15226 | IceCv    | Reached ****** piety under Makhleb
 15264 | IceCv    | Got a clouded pewter ring
 15327 | IceCv    | Identified the cursed ring of the Raven {rF- MR+ Str+3 Int+3 Dex-2} (You found it in an ice cave)
 16672 | Lair:4   | Found a hole to the Spider Nest.
 17162 | Lair:4   | Reached XP level 14. HP: 133/133 MP: 13/13
 17250 | Lair:4   | Noticed Kirke
 17258 | Lair:4   | Reached skill level 15 in Fighting
 17270 | Lair:4   | Killed Kirke
 17270 | Lair:4   | Reached skill level 20 in Axes
 18070 | Lair:5   | Found a staircase to the Slime Pits.
 18365 | Lair:6   | Entered Level 6 of the Lair of Beasts
 19132 | Lair:6   | Reached skill level 1 in Dodging
 19875 | Lair:6   | Reached skill level 21 in Axes
 20161 | Lair:6   | Killed from afar by a fire dragon

Skill      XL: |  1  2  3  4  5  6  7  8  9 10 11 12 13 14 |
---------------+-------------------------------------------+-----
Axes           | 3 4 5 6 7 9 11 14 15 16 18 19 21 | 21.0
Fighting       | 4 5 6 7 8 10 11 12 13 14 15 | 15.8
Armour         | 5 7 9 11 12 14 | 14.1
Dodging        | 3 |  3.2
Shields        | |  3.6

Action                   |  1- 3 |  4- 6 |  7- 9 | 10-12 | 13-15 || total
-------------------------+-------+-------+-------+-------+-------++-------
Melee: War axe           |    94 |   105 |   335 |   561 |   116 ||  1211
       Headbutt          |     8 |    13 |    67 |   121 |   156 ||   365
       Battleaxe         |       |       |       |    44 |   595 ||   639
  Use: Potion            |       |     1 |       |     1 |     4 ||     6
       Scroll            |       |       |       |    26 |     7 ||    33
  Eat: Chunk             |       |     5 |    10 |     9 |     5 ||    29
       Fruit             |       |       |     1 |     1 |     4 ||     6
       Pizza             |       |       |     2 |       |       ||     2
       Meat ration       |       |       |       |     2 |     1 ||     3
       Royal jelly       |       |       |       |       |     3 ||     3
       Beef jerky        |       |       |       |       |     2 ||     2
Armor: Scale mail        |    30 |       |       |       |       ||    30
       Chain mail        |    18 |    80 |   117 |       |       ||   215
       Plate armour      |       |       |    36 |   364 |   512 ||   912
       Skin              |       |       |       |     8 |       ||     8
Dodge: Dodged            |    28 |    36 |    62 |   105 |   207 ||   438
Block: Shield            |    57 |    70 |   148 |   232 |       ||   507
       Large shield      |       |       |       |       |    90 ||    90
